 Dungeon Crawl Stone Soup version 0.28-a0-422-gd71735cc25 (webtiles) character file.

Game seed: 10609620186325406278

5292 hatdisgam the Eye of the Storm (level 10, -5/77 HPs)
             Began as a Formicid Fighter on Sept 8, 2021.
             Was a Priest of Qazlal.
             Slain by a yak (9 damage)
             ... on level 11 of the Dungeon.
             The game lasted 00:12:41 (12188 turns).

hatdisgam the Eye of the Storm (Formicid Fighter)  Turns: 12188, Time: 00:12:41

Health: -5/77      AC: 10    Str: 25    XL:     10   Next: 94%
Magic:  18/18      EV:  9    Int:  5    God:    Qazlal [***...]
Gold:   589        SH: 13    Dex: 10    Spells: 9/9 levels left

rFire   . . .      SeeInvis +   B - +1 war axe (distort)
rCold   . . .      Faith    .   c - +0 buckler
rNeg    + . .      Spirit   .   y - +0 chain mail
rPois   +          Reflect  +   (helmet unavailable)
rElec   .          Harm     .   z - +0 cloak of the Saviour {rPois rN+ Int-2 Stlth+}
rCorr   .          Rampage  .   (no gloves)
Will    +....                   (no boots)
Stlth   ..........              x - amulet of reflection
HPRegen 0.22/turn               (no ring)
MPRegen 0.16/turn               (no ring)

@: no status effects
A: permanent stasis, dig shafts and tunnels, antennae 3, four strong arms
a: Dig, Shaft Self, Renounce Religion, Upheaval, Elemental Force


You were on level 11 of the Dungeon.
You worshipped Qazlal.
Qazlal was most pleased with you.
You visited 1 branch of the dungeon, and saw 11 of its levels.

You collected 589 gold pieces.

Inventory:

Hand Weapons
 a - a +0 war axe
 t - a +3 whip
 v - a +0 morningstar
 B - a +1 war axe of distortion (weapon)
 I - a +0 broad axe
Armour
 b - a +0 scale mail
 c - a +0 buckler (worn)
 y - a +0 chain mail (worn)
 z - the +0 cloak of the Saviour (worn) {rPois rN+ Int-2 Stlth+}
   (You found it on level 7 of the Dungeon)

   Int:       It affects your intelligence (-2).
   rPois:     It protects you from poison.
   rN:        It protects you from negative energy.
   Stlth:     It makes you more stealthy.
Jewellery
 g - a ring of ice
 x - an amulet of reflection (around neck)
Wands
 p - a wand of mindburst (1)
 C - a wand of iceblast (5)
 H - a wand of paralysis (7)
Scrolls
 e - 12 scrolls of identify {unknown}
 f - 2 scrolls of fog {unknown}
 i - 5 scrolls of teleportation {unknown}
 j - 5 scrolls of immolation {unknown}
 l - 3 scrolls of fear {unknown}
 r - 3 scrolls of amnesia {unknown}
 s - a scroll of noise {unknown}
 u - 2 scrolls of enchant weapon {unknown}
 w - a scroll of magic mapping {unknown}
 A - 2 scrolls of enchant armour {unknown}
 G - a scroll of silence {unknown}
Potions
 d - a potion of might
 h - 4 potions of mutation {unknown}
 k - 2 potions of degeneration {unknown}
 m - 4 potions of brilliance {unknown}
 n - a potion of ambrosia {unknown}
 o - 2 potions of curing
 q - 2 potions of haste {unknown}
 D - a potion of lignification {unknown}
 E - a potion of attraction {unknown}
 F - a potion of berserk rage {unknown}
 J - a potion of magic {unknown}


   Skills:
 - Level 6.5 Fighting
 * Level 10.3 Axes
 + Level 4.7 Armour
 - Level 3.1 Dodging
 - Level 3.6 Shields
 * Level 11.0 Invocations


You had 9 spell levels left.
You didn't know any spells.
Your spell library contained the following spells:

 Spells                   Type           Power      Damage    Failure   Level
 Beastly Appendage        Tmut           0%         N/A       98%         1
 Summon Small Mammal      Summ           0%         N/A       98%         1
 Ensorcelled Hibernation  Hex/Ice        0%         N/A       99%         2
 Wereblood                Tmut           0%         N/A       99%         2
 Call Canine Familiar     Summ           0%         N/A       100%        3
 Spider Form              Tmut/Pois      0%         N/A       100%        3
 Summon Guardian Golem    Hex/Summ       0%         N/A       100%        3
 Tukima's Dance           Hex            0%         N/A       100%        3
 Blade Hands              Tmut           0%         N/A       100%        5
 Irradiate                Conj/Tmut      0%         3d13      100%        5
 Dragon Form              Tmut           0%         N/A       100%        7


Dungeon Overview and Level Annotations

Branches:
Dungeon (11/15)            Temple (0/1) D:7             Orc (0/2) D:9
   Lair: D:8-11

Altars:
Qazlal

Annotations:
Abyss:1 Grum


Innate Abilities, Weirdness & Mutations

You cannot be hasted, slowed, berserked, paralysed or teleported.
You can dig through walls and to a lower floor.
You have a pair of large antennae on your head. (SInv)
Your four strong arms can wield two-handed weapons with a shield.


Message History

You hit the yaktaur.
Space bends around the yaktaur!
You block the hornet's attack.
The yaktaur hits you with a staff of death!
Unknown command.
You barely miss the yaktaur.
The yaktaur is moderately wounded.
Your chain mail prevents you from hitting the hornet.
You hear a howl!
You block the hornet's attack.
The yaktaur hits you with a staff of death!
Unknown command.
You hit the yaktaur but do no damage.
Space bends around the yaktaur.
The yaktaur is moderately wounded.
You miss the hornet.
You hear a howl!
The hornet barely misses you. The hornet stings you!
Your stasis prevents you from being paralysed.
The yaktaur hits you with a staff of death!
* * * LOW HITPOINT WARNING * * *
Are you sure you want to shaft yourself?
You hear a howl!
You block the hornet's attack. The yaktaur closely misses you.
You begin to dig a shaft.
You continue digging a shaft.
The hornet stings you!
* * * LOW HITPOINT WARNING * * *
The hornet stings you!
* * * LOW HITPOINT WARNING * * *
You block the yaktaur's attack. A shaft appears beneath you!
You fall into a shaft and drop 1 floor!
The shaft crumbles and collapses.
The yak bellows! x4
You block the yak's attack. x2
Found a fizzy red potion.
Unknown command.
You block the yak's attack. The yak gores you.
* * * LOW HITPOINT WARNING * * *
The yak gores you!
You die...

#.#######.
#.........
#.........
#.........
#.........
#.Y....!..
#YYY......
#YY.......
#@.#######
#..# #....
#......
#.######
#.# #..
#..


You could see 6 yaks.

Vanquished Creatures
  A two-headed ogre (D:9)
  Maggie (D:9)
  A kobold demonologist (D:10)
  A spriggan (D:8)
  A shadow (D:10)
  A steam dragon (D:8)
  Menkaure (D:4)
  A water moccasin (D:6)
  4 orc warriors
  An ice beast (D:7)
  A necrophage (D:5)
  A sky beast (D:7)
  A wolf (D:8)
  5 centaurs
  A kobold brigand (D:8)
  3 scorpions
  3 water moccasin skeletons
  7 electric eels
  6 howler monkeys
  A bullfrog zombie (D:6)
  2 centaur zombies
  3 hounds (D:6)
  5 orc priests
  2 jellies
  A gnoll shaman (D:7)
  2 iguanas (D:6)
  A scorpion zombie (D:5)
  3 orc wizards
  3 howler monkey zombies
  10 gnolls
  5 adders
  2 shadow imps (D:7)
  A white imp (D:5)
  An ufetubus (D:4)
  An adder skeleton (D:4)
  3 dart slugs
  20 orcs
  8 endoplasms
  3 giant cockroaches (D:1)
  12 goblins
  4 hobgoblins
  6 jackals
  2 quokkas (D:5)
  5 ball pythons
  3 bats
  6 frilled lizards
  19 kobolds
  3 rats
178 creatures vanquished.

Vanquished Creatures (others)
  A wizard (D:7)
  An orc wizard (D:6)
  13 plants
15 creatures vanquished.

Grand Total: 193 creatures vanquished

Notes
Turn   | Place    | Note
-------+----------+-------------------------------------------
     0 | D:1      | hatdisgam the Formicid Fighter began the quest for the Orb.
     0 | D:1      | Reached XP level 1. HP: 18/18 MP: 1/1
   339 | D:1      | Reached XP level 2. HP: 24/24 MP: 2/2
   743 | D:1      | Reached skill level 1 in Dodging
   751 | D:1      | Reached XP level 3. HP: 29/29 MP: 3/3
  1449 | D:2      | Reached XP level 4. HP: 23/35 MP: 4/4
  1854 | D:2      | Found a faded altar of an unknown god.
  2006 | D:2      | Found a stormy altar of Qazlal.
  2032 | D:2      | Reached XP level 5. HP: 20/41 MP: 5/5
  2043 | D:2      | Became a worshipper of Qazlal Stormbringer
  2932 | D:3      | Reached skill level 1 in Invocations
  3040 | D:3      | Reached XP level 6. HP: 45/47 MP: 7/7
  3103 | D:3      | Reached skill level 2 in Invocations
  4019 | D:4      | Reached skill level 5 in Axes
  4019 | D:4      | Reached skill level 3 in Invocations
  4148 | D:4      | Reached * piety under Qazlal
  4302 | D:4      | Noticed Menkaure
  4307 | D:4      | You fall into a shaft and drop 1 floor!
  4307 | D:5      | Entered Level 5 of the Dungeon
  4598 | D:5      | Reached XP level 7. HP: 11/52 MP: 9/9
  5170 | D:4      | Killed Menkaure
  5171 | D:4      | Reached skill level 4 in Invocations
  6540 | D:6      | Reached skill level 5 in Invocations
  6540 | D:6      | Reached XP level 8. HP: 59/60 MP: 11/11
  6989 | D:6      | Reached skill level 6 in Invocations
  7808 | D:6      | Reached XP level 9. HP: 36/67 MP: 14/14
  8076 | D:7      | Reached skill level 7 in Invocations
  8342 | D:7      | Reached skill level 5 in Fighting
  8422 | D:7      | Reached ** piety under Qazlal
  8688 | D:7      | Noticed a wizard
  8705 | D:7      | Killed a wizard
  8903 | D:7      | Identified the +0 cloak of the Saviour {rPois rN+ Int-2
                  | Stlth+}
  9023 | D:7      | Reached skill level 8 in Invocations
  9380 | D:7      | Found a staircase to the Ecumenical Temple.
  9881 | D:8      | Noticed Grum
  9886 | D:8      | Reached skill level 9 in Invocations
  9887 | D:8      | Reached XP level 10. HP: 62/76 MP: 16/16
  9895 | D:8      | Banished Grum
 10993 | D:9      | Found a staircase to the Orcish Mines.
 11052 | D:9      | Noticed Maggie
 11060 | D:9      | Killed Maggie
 11061 | D:9      | Reached skill level 10 in Invocations
 11183 | D:9      | Noticed a two-headed ogre
 11190 | D:9      | Killed a two-headed ogre
 11654 | D:9      | Reached skill level 10 in Axes
 11884 | D:10     | Entered Level 10 of the Dungeon
 11911 | D:10     | Noticed a kobold demonologist
 11916 | D:10     | Reached *** piety under Qazlal
 11920 | D:10     | Noticed a rust devil
 11920 | D:10     | Killed a kobold demonologist
 11929 | D:10     | Noticed a gargoyle
 11937 | D:10     | You fall into a shaft and drop 1 floor!
 11963 | D:11     | Reached skill level 11 in Invocations
 12176 | D:10     | Noticed a yaktaur
 12182 | D:10     | Noticed a centaur warrior
 12184 | D:10     | You fall into a shaft and drop 1 floor!
 12188 | D:11     | Slain by a yak

Illustrated notes

Levels and vault maps discovered:
D:1:      nicolae_arrival_washed_ashore, layout_loops_ring,
          minmay_close_crescents
D:2:      layout_basic, basic_altar, ebering_ecumenical_altar_petrified,
          minmay_tall_x
D:3:      minmay_door_path, layout_loops_corners, small_statue_intersection,
          kennysheep_generic_room_6
D:4:      layout_layer_cave, uniq_menkaure
D:5:      layout_basic
D:6:      layout_loops_ring, serial_bayou, serial_bayou_ford_a,
          serial_bayou_pond_e, serial_bayou_lake_a, serial_bayou_pond_e
D:7:      cheibrodos_wizards_tower, layout_loops_ring,
          minmay_temple_entry_nine_rooms, serial_bayou_pond_c,
          grunt_ministairs_5, hangedman_decor_diamond_cutter
D:8:      layout_loops_ring, minmay_misc_feat_chi, kennysheep_path_1,
          the_hattery, uniq_grum
D:9:      layout_roguey, david_orc_2, nrook_campfire, uniq_maggie
D:10:     minmay_the_grid_octo_tiled_octocenter
          [minmay_the_grid_octo_tetromino_candy, minmay_the_grid_octo_horde,
          minmay_the_grid_octo_odd_swirl, minmay_the_grid_octo_vomiting_pacman,
          minmay_the_grid_octo_prize_ultimate_mussel_roller,
          minmay_the_grid_square_5x5_two,
          minmay_the_grid_square_5x5_three_small, minmay_the_grid_square_5x5_c,
          minmay_the_grid_square_5x5_tetrominoes], layout_irregular_city,
          mainiacjoe_overflow_alcove_2, nicolae_shop_clearance
D:11:     layout_long_grid, lightli_corner_chamber, uniq_josephine, uniq_snorg

Skill      XL: |  1  2  3  4  5  6  7  8  9 10 |
---------------+-------------------------------+-----
Dodging        | 1 2 3 |  3.1
Axes           | 3 4 5 6 7 8 10 | 10.3
Invocations    | 1 3 5 6 9 11 | 11.0
Fighting       | 4 6 |  6.5
Armour         | 4 |  4.7
Shields        | |  3.6

Action                   |  1- 3 |  4- 6 |  7- 9 | 10-12 || total
-------------------------+-------+-------+-------+-------++-------
Melee: War axe           |   109 |   160 |   255 |   114 ||   638
 Abil: Dig               |     2 |     1 |     2 |     3 ||     8
       Shaft Self        |       |     1 |       |     2 ||     3
Evoke: Wand              |       |       |    14 |     3 ||    17
  Use: Potion            |       |       |     2 |       ||     2
Armor: Scale mail        |    47 |    69 |    10 |       ||   126
       Chain mail        |       |       |    88 |    27 ||   115
Dodge: Dodged            |    50 |    66 |    91 |    33 ||   240
Block: Buckler           |    23 |    36 |   131 |    64 ||   254
       Reflection        |       |       |     4 |     8 ||    12

Table legend: (Time is in decaauts)
 A = Elapsed time spent in this place.
 B = Non-inter-level travel time spent in this place.
 C = Inter-level travel time spent in this place.
 D = Time resting spent in this place.
 E = Time spent auto-exploring this place.
 F = Levels seen in this place.
 G = Mean time per level.
                   A        B        C        D        E       F      G
               +--------+--------+--------+--------+--------+-----+--------+
         Total |  12374 |  12057 |    317 |   1055 |   9354 |  11 | 1124.9 |
       Dungeon |  12374 |  12057 |    317 |   1055 |   9354 |  11 | 1124.9 |
               +--------+--------+--------+--------+--------+-----+--------+

Top non-repeatable levels by time:
     D:7: 1646 daAuts
     D:6: 1587 daAuts
     D:2: 1418 daAuts
     D:5: 1410 daAuts
     D:8: 1327 daAuts
     D:1: 1313 daAuts
     D:3: 1309 daAuts
     D:4: 1128 daAuts
     D:9: 927 daAuts
    D:11: 242 daAuts
    D:10: 63 daAuts
